Description

Long was it believed that 2 Base Openers versus Protoss can only work if you cheese or allin. I am here to prove you all wrong by opening with a 2 Base Macro Opener into 4 Hatch Brood Lord.

Who am I

At the Time of writing this I am a around 6100 MMR Grandmaster Zerg on the EU Server. I play almost only 2 Base Macro Openers (4:30 3rd or later). The focus of my play lies on quick Tech to take control of the game early.

Goal of the Build

The Goal is to defend all Protoss Harassment with minimal investment. We enter the mid game with either Roaches or Hydralisks and use our tech heavy Units to secure fast save Expansions and get to Hive Tech.

General Build Order

This will be a general overview. For detailed Infos check the Video.

OPENER


  • 17 Hatch
  • 18 Pool
  • 17 Gas
  • @Pool 2 Queens
  • @100 Gas Ling Speed
  • @2 Queens Start 2 More + 4 Lings - Zone the Adepts with the 2 Queens at the natural while keeping the 4 Lings in the Main
  • @4 Queens start Lair
  • @3:30 Roach Warren + Evo Chamber + 2 Spores (Main and Natural)
  • @3:45 3 More Gasses

LAIR TIME


  • If up against Stargate --> +1 Melee + Bane Nest + Hydra Den
  • If up against something else --> +1 Ranged + Roach Speed (Spire if you feel adventerous)
  • @4:30-5:00 start a 3rd --> Spam Roaches/Hydras after saturating Main and Natural until you feel save
  • @3rd Base --> Saturate it
  • @55-60 Drones start a 4th, get 2 More gas and start an Infestation Pit
  • @Infestation Pit --> Hive + Spire

HIVE TIME


  • @Hive --> Greater Spire
  • @Greater Spire --> 8 Corruptors --> Brood Lords

VOD

https://www.youtube.com/watch?v=c1Z1mQrs7is

Replay - ArT v Railgan - King's Cove LE

Build Order

Get SALT Encoding   

  12  0:00  Drone  
  13  0:13  Overlord  
  13  0:18  Drone  
  14  0:31  Drone x3  
  17  0:53  Hatchery  
  17  0:57  Drone x2  
  18  1:13  Extractor  
  18  1:16  Spawning Pool  
  16  1:18  Drone x2  
  18  1:29  Drone  
  21  2:04  Queen x2  
  21  2:06  Zergling x4  
  27  2:13  Overlord  
  27  2:18  Metabolic Boost  
  32  2:46  Queen  
  35  2:51  Overlord  
  34  3:08  Overlord  
  34  3:09  Queen  
  34  3:12  Zergling x2  
  43  3:24  Lair  
  47  3:39  Overlord  
  47  3:42  Spore Crawler x2  
  47  3:52  Extractor x2  
  47  3:53  Roach Warren  
  49  4:12  Spore Crawler  
  48  4:30  Hydralisk Den  
  51  4:31  Evolution Chamber  
  51  4:32  Extractor  
  52  4:52  Hatchery  
  56  5:03  Grooved Spines  
  56  5:04  Zerg Melee Weapons Level 1  
  56  5:11  Hydralisk x2, Baneling Nest  
  57  5:19  Hydralisk x2  
  62  5:30  Hydralisk x2  
  67  5:41  Hydralisk x4  
  70  6:19  Muscular Augments  
  70  6:25  Zergling x6  
  81  6:26  Centrifical Hooks  
  82  6:33  Extractor  
  83  6:45  Extractor  
  89  6:58  Hatchery, Infestation Pit  
  89  7:04  Zerg Melee Weapons Level 2  
  89  7:13  Overseer  
  91  7:20  Zergling x8  
  106  7:48  Baneling x8  
  109  8:03  Hive  
  111  8:12  Spire  
  118  8:34  Hatchery x2  
  120  8:45  Baneling x2  
  123  9:26  Zerg Melee Weapons Level 3  
  123  9:30  Spine Crawler  
  121  9:34  Corruptor x7, Greater Spire  
  140  9:46  Corruptor  
  140  9:50  Infestor x2  
  140  9:51  Corruptor  
Spawning Tool Build Advisor. Get it on Overwolf

Analysis

Adjustments

Against Stargate --> Keep 2 Queens in Natural and Main maybe skip Spores

Against 2 Base Robo --> Prepare for a lot of Roach Ravagers

Against 2 Base Twilight --> Prepare for Chargelots / Adepts with a lot of Roaches

Go to:

Details

  • Created by: railgan      
  • Published on: Mar 16, 2019
  • Modified on: Mar 16, 2019
  • Patch: 4.7.1
Show
View Real Time Build Order
Export as new Build Order

Comments (0)

There are no comments. Be the first!

Create an account to comment!